 Dungeon Crawl Stone Soup version 0.29.1-1-gd02db6906a (webtiles) character file.

Game seed: 4924474996822117615

674 Draeca the Digger (level 7, -8/51 HPs)
             Began as a Gnoll Earth Elementalist on Oct 9, 2022.
             Was a Follower of Elyvilon.
             Mangled by an iguana (14 damage)
             ... on level 5 of the Dungeon on Oct 10, 2022.
             The game lasted 01:21:28 (5486 turns).

Draeca the Digger (Gnoll Earth Elementalist)        Turns: 5486, Time: 01:21:29

Health: -8/51      AC:  3    Str:  9    XL:     7   Next: 59%
Magic:  5/15       EV: 13    Int: 14    God:    Elyvilon [*.....]
Gold:   197        SH:  0    Dex: 13    Spells: 13/17 levels left

rFire   . . .      SeeInvis .   d - +3 dagger (venom)
rCold   . . .      Faith    .   (no shield)
rNeg    . . .      Spirit   .   e - +0 leather armour
rPois   .          Reflect  .   (no helmet)
rElec   .          Harm     .   (no cloak)
rCorr   +          Rampage  .   (no gloves)
Will    .....                   (no boots)
Stlth   +++.......              (no amulet)
HPRegen 0.17/turn               k - ring of resist corrosion
MPRegen 0.14/turn               (no ring)

@: no status effects
A: fangs 1, strong nose, distributed training
a: Renounce Religion, Purification


You were on level 5 of the Dungeon.
You worshipped Elyvilon.
Elyvilon was aware of your devotion.
You visited 1 branch of the dungeon, and saw 5 of its levels.
You also visited: Sewer.

You collected 197 gold pieces.

Inventory:

Hand Weapons
 d - a +3 dagger of venom (weapon)
 C - a +1 short sword of electrocution
Missiles
 f - 2 poisoned darts
 t - 3 javelins
Armour
 e - a +0 leather armour (worn)
 p - an orb of mayhem
Magical Staves
 l - a staff of conjuration
Jewellery
 k - a ring of resist corrosion (left hand)
Wands
 q - a wand of polymorph (5)
Scrolls
 g - 3 scrolls of summoning
 h - a scroll of poison {unknown}
 n - 4 scrolls of teleportation
 o - a scroll of blinking
 r - a scroll of butterflies {unknown}
 s - a scroll of amnesia {unknown}
 u - a scroll of vulnerability {unknown}
 w - a scroll of fear {unknown}
 y - a scroll of enchant weapon {unknown}
Potions
 a - 2 potions of brilliance {unknown}
 b - 2 potions of magic
 c - 2 potions of lignification {unknown}
 i - 2 potions of berserk rage {unknown}
 j - 2 potions of attraction {unknown}
 m - a potion of flight {unknown}
 v - a potion of might {unknown}
 x - a potion of mutation {unknown}
 z - 2 potions of curing {unknown}
 B - a potion of invisibility {unknown}


   Skills:
 + Level 2.7 Fighting
 + Level 2.7 Short Blades
 + Level 2.7 Long Blades
 + Level 2.7 Axes
 + Level 2.7 Maces & Flails
 + Level 2.7 Polearms
 + Level 2.7 Staves
 + Level 2.7 Ranged Weapons
 + Level 2.7 Throwing
 + Level 2.7 Armour
 + Level 5.3 Dodging
 + Level 5.0 Stealth
 + Level 2.7 Shields
 + Level 2.7 Unarmed Combat
 + Level 5.7 Spellcasting
 + Level 2.2 Conjurations
 + Level 2.2 Hexes
 + Level 2.2 Summonings
 + Level 2.2 Necromancy
 + Level 2.2 Translocations
 + Level 3.1 Transmutations
 + Level 2.2 Fire Magic
 + Level 2.2 Ice Magic
 + Level 2.2 Air Magic
 + Level 5.9 Earth Magic
 + Level 2.2 Poison Magic
 + Level 3.0 Invocations
 + Level 2.7 Evocations


You had 13 spell levels left.
You knew the following spells:

 Your Spells              Type           Power      Damage    Failure   Level
a - Sandblast             Erth           40%        2d10      1%          1
b - Stone Arrow           Conj/Erth      30%        3d8       12%         3

Your spell library contained the following spells:

 Spells                   Type           Power      Damage    Failure   Level
 Passwall                 Tmut/Erth      13%        N/A       5%          2
 Petrify                  Tmut/Erth      16%        N/A       34%         4
 Anguish                  Hex/Necr       5%         N/A       65%         4
 Enfeeble                 Hex            5%         N/A       100%        7


Dungeon Overview and Level Annotations

Branches:
Dungeon (5/15)              Sewer (visited)
 Temple: D:4-7

Altars:
Elyvilon
Nemelex Xobeh

Shops:
D:4 [


Innate Abilities, Weirdness & Mutations

You have very sharp teeth.
Your uncanny sense of smell can sniff out nearby items.
Your experience applies equally to all skills.


Message History

Unknown command.
Aiming: Sandblast (safe; 1% risk of failure)
Press: ? - help, Q - select action, (/) - cycle Shift-Dir - straight line, f/p - iguana
Aim: an iguana (severely wounded, 85% to hit)
The blast of sand hits the iguana.
The iguana is almost dead.
The iguana bites you!
The iguana bites you but does no damage.
The iguana closely misses you.
The iguana hisses menacingly.
The iguana closely misses you.
Aiming: Sandblast (safe; 1% risk of failure)
Press: ? - help, Q - select action, (/) - cycle Shift-Dir - straight line, f/p - iguana
Aim: an iguana (almost dead, 85% to hit)
The blast of sand hits the iguana.
The iguana is almost dead.
The iguana bites you. x2
Aiming: Sandblast (safe; 1% risk of failure)
Press: ? - help, Q - select action, (/) - cycle Shift-Dir - straight line, f/p - iguana
Aim: an iguana (almost dead, 85% to hit)
The blast of sand hits the iguana.
You kill the iguana!
The iguana closely misses you. x2
Your Invocations skill increases to level 3!
You hit the iguana.
The iguana is poisoned.
Your bite misses the iguana.
The iguana is lightly wounded.
You hit the iguana but do no damage.
The iguana looks as sick as possible!
The iguana is lightly wounded.
The iguana misses you.
You hit the iguana.
The iguana looks as sick as possible!
The iguana is heavily wounded.
The iguana bites you!
* * * LOW HITPOINT WARNING * * *
Casting: Sandblast (safe; 1% risk of failure)
Confirm with . or Enter, or press ? or * to list all spells.
Aiming: Stone Arrow (dangerous; 12% risk of failure)
Press: ? - help, Shift-Dir - straight line, f - iguana
Aim: an iguana (heavily wounded, extremely poisoned, 72% to hit)
The stone arrow misses the iguana.
The iguana bites you!
You die...

###................#~.~#.........
#..................~~~~~......#..
.................#~~~~~~~#.#..##.
.#).#....#........~~~~~~~..#.## .
.#..#.##..........~~~.~~~.....#
.....###.........~~~~~~~.....#..
.#.....#.........#~~~~~~~#.......
.##.....?......#...~~~~~......#..
.............?@..#...#....#..#.
..............l..........##..#.
.....#........................
###..#.............##...
....#.............###.. ....
#..............#... ###
#...##.............
....###............ ##.
#............


You could see an iguana (extremely poisoned).

Vanquished Creatures
  2 bullfrogs (Sewer)
  A scorpion (D:5)
  A howler monkey (D:4)
  A hound (D:5)
  3 iguanas
  3 orc wizards
  7 gnolls
  7 adders
  A white imp (D:4)
  5 worms
  2 dart slugs
  10 orcs
  6 endoplasms
  25 giant cockroaches
  8 hobgoblins
  4 jackals (D:2)
  7 quokkas
  8 ball pythons
  3 bats
  5 frilled lizards (Sewer)
  3 goblins
  5 kobolds
  5 rats
122 creatures vanquished.

Notes
Turn   | Place    | Note
-------+----------+-------------------------------------------
     0 | D:1      | Draeca the Gnoll Earth Elementalist began the quest for the
                  | Orb.
     0 | D:1      | Reached XP level 1. HP: 13/13 MP: 6/6
    81 | D:1      | Reached XP level 2. HP: 19/19 MP: 2/7
   820 | D:1      | Reached skill level 5 in Spellcasting
   820 | D:1      | Reached XP level 3. HP: 25/25 MP: 4/9
  1419 | D:2      | Reached skill level 1 in Invocations
  1431 | D:2      | Found a sparkling altar of Nemelex Xobeh.
  1461 | D:2      | Reached skill level 1 in Fighting
  1461 | D:2      | Reached skill level 1 in Short Blades
  1461 | D:2      | Reached skill level 1 in Long Blades
  1461 | D:2      | Reached skill level 1 in Axes
  1461 | D:2      | Reached skill level 1 in Maces & Flails
  1461 | D:2      | Reached skill level 1 in Polearms
  1461 | D:2      | Reached skill level 1 in Staves
  1461 | D:2      | Reached skill level 1 in Ranged Weapons
  1461 | D:2      | Reached skill level 1 in Throwing
  1461 | D:2      | Reached skill level 1 in Armour
  1461 | D:2      | Reached skill level 1 in Shields
  1461 | D:2      | Reached skill level 1 in Unarmed Combat
  1461 | D:2      | Reached skill level 1 in Evocations
  1465 | D:2      | Reached XP level 4. HP: 12/32 MP: 4/11
  1728 | D:2      | Reached skill level 1 in Conjurations
  1728 | D:2      | Reached skill level 1 in Hexes
  1728 | D:2      | Reached skill level 1 in Summonings
  1728 | D:2      | Reached skill level 1 in Necromancy
  1728 | D:2      | Reached skill level 1 in Translocations
  1728 | D:2      | Reached skill level 1 in Fire Magic
  1728 | D:2      | Reached skill level 1 in Ice Magic
  1728 | D:2      | Reached skill level 1 in Air Magic
  1728 | D:2      | Reached skill level 1 in Poison Magic
  2187 | D:2      | Became a worshipper of Nemelex Xobeh the Trickster
  2315 | D:2      | Reached XP level 5. HP: 37/37 MP: 10/12
  2627 | D:3      | Reached * piety under Nemelex Xobeh
  2633 | D:3      | Found a faded altar of an unknown god.
  3079 | D:3      | Found a white marble altar of Elyvilon.
  3097 | D:3      | Fell from the grace of Nemelex Xobeh
  3097 | D:3      | Became a worshipper of Elyvilon the Healer
  3361 | D:4      | Found Fatsogh's Armour Emporium.
  3514 | D:4      | Learned a level 3 spell: Stone Arrow
  3515 | D:4      | Reached XP level 6. HP: 44/44 MP: 9/13
  3742 | D:4      | Reached * piety under Elyvilon
  3803 | D:4      | Reached skill level 5 in Dodging
  4004 | D:5      | Entered Level 5 of the Dungeon
  4004 | D:5      | Noticed an ice beast
  4401 | D:5      | Found a glowing drain.
  4433 | D:5      | HP: 2/44 [orc wizard/+0 dagger (3)]
  4752 | D:5      | Reached XP level 7. HP: 25/51 MP: 15/15
  4781 | Sewer    | Entered a sewer
  5206 | Sewer    | Reached skill level 5 in Stealth
  5486 | D:5      | Mangled by an iguana

Illustrated notes

Levels and vault maps discovered:
D:1:      amcnicky_arrival_feature_with_door, layout_basic, skrybe_limestone_x
D:2:      minmay_roachtagon, layout_basic, basic_altar
D:3:      layout_rooms, nicolae_elyvilon_peaceful_grove,
          dreamdust_ecumenical_altar_angels_and_demons, chequers_garden,
          grunt_decor_mini_mirrors
D:4:      layout_rooms, serial_shops, shop, minmay_liquid_box
D:5:      layout_cave_pools, cheibrodos_sewer_entry_drain

Skill      XL: |  1  2  3  4  5  6  7 |
---------------+----------------------+-----
Transmutations | 2 3 |  3.1
Spellcasting   | 5 |  5.7
Invocations    | 1 2 3 |  3.0
Fighting       | 1 2 |  2.7
Short Blades   | 1 2 |  2.7
Long Blades    | 1 2 |  2.7
Axes           | 1 2 |  2.7
Maces & Flails | 1 2 |  2.7
Polearms       | 1 2 |  2.7
Staves         | 1 2 |  2.7
Ranged Weapons | 1 2 |  2.7
Throwing       | 1 2 |  2.7
Armour         | 1 2 |  2.7
Shields        | 1 2 |  2.7
Unarmed Combat | 1 2 |  2.7
Evocations     | 1 2 |  2.7
Conjurations   | 1 2 |  2.2
Hexes          | 1 2 |  2.2
Summonings     | 1 2 |  2.2
Necromancy     | 1 2 |  2.2
Translocations | 1 2 |  2.2
Fire Magic     | 1 2 |  2.2
Ice Magic      | 1 2 |  2.2
Air Magic      | 1 2 |  2.2
Poison Magic   | 1 2 |  2.2
Dodging        | 5 |  5.3
Stealth        | 5 |  5.0
Earth Magic    | |  5.9

Action                   |  1- 3 |  4- 6 |  7- 9 || total
-------------------------+-------+-------+-------++-------
Melee: Staff             |    34 |    56 |       ||    90
       Bite              |       |    11 |     1 ||    12
       Punch             |       |     2 |       ||     2
       Club              |       |     3 |       ||     3
       Dagger            |       |    34 |    13 ||    47
       Short sword       |       |     1 |       ||     1
 Cast: Sandblast         |    30 |   100 |    49 ||   179
       Stone Arrow       |       |       |     1 ||     1
Evoke: Wand              |       |     1 |       ||     1
  Use: Scroll            |       |     2 |     1 ||     3
       Potion            |       |     2 |       ||     2
Armor: Leather armour    |    12 |    26 |     4 ||    42
       Robe              |     1 |       |       ||     1
Dodge: Dodged            |    29 |   112 |    23 ||   164
